 Dungeon Crawl Stone Soup version 0.22.0-75-g3901e79 (webtiles) character file.

35434 lysyklops the Protected (level 13, -28/85 HPs)
             Began as a Minotaur Fighter on Sept 12, 2018.
             Was a High Priest of the Shining One.
             Killed from afar by a lich (56 damage)
             ... with a poison arrow
             ... on level 1 of the Abyss.
             The game lasted 01:05:13 (15726 turns).

lysyklops the Protected (Minotaur Fighter)         Turns: 15726, Time: 01:05:15

Health: -28/85     AC: 16    Str: 20 (21) XL:     13   Next: 47%
Magic:  23/23      EV:  6    Int:  1      God:    the Shining One [*****.]
Gold:   707        SH: 12    Dex:  7      Spells: 12/12 levels left

rFire    . . .     SeeInvis .   L - +4 scimitar (flame)
rCold    + . .     Gourm    .   c - +0 shield
rNeg     + + .     Faith    +   w - +0 plate armour
rPois    .         Spirit   .   (helmet restricted)
rElec    .         Reflect  .   E - +1 cloak
rCorr    .         Harm     .   K - +0 pair of gloves
MR       .....     Rnd*Rage +   g - +0 pair of boots Stlth ..........Rnd*Tele +
                                n - amulet of faith
HPRegen  0.24/turn              O - ring of magical power
MPRegen  0.18/turn              N - ring of protection from cold

@: lethally poisoned (-28 -> -44), about to teleport, glowing, drained
A: retaliatory headbutt, horns 2, [berserk 3], [blurry vision 3], [clumsy 2],
[deformed body], [deterioration 2], [dopey 2], [frail 3], [low mp 2], [screaming
3], [teleportitis 3], [weak 2], [subdued magic 3]
a: Divine Shield, Cleansing Flame, Summon Divine Warrior, Renounce Religion


You were on level 1 of the Abyss.
You worshipped the Shining One.
The Shining One was extremely pleased with you.
You were not hungry.

You visited 3 branches of the dungeon, and saw 17 of its levels.
You visited the Abyss 1 time.
You also visited: Ossuary and Ice Cave.

You collected 956 gold pieces.
You spent 249 gold pieces at shops.

Inventory:

Hand Weapons
 B - the +1 short sword of Arrival {freeze, MR+}
   (You found it on level 6 of the Dungeon)

   It has been specially enchanted to freeze those struck by it, causing extra
   injury to most foes and up to half again as much damage against particularly
   susceptible opponents.
   It can also slow down cold-blooded creatures.
   It affects your resistance to hostile enchantments.
 D - a +1 long sword of electrocution
 L - a +4 scimitar of flaming (weapon)
Armour
 c - a +0 shield (worn)
 g - a +0 pair of boots (worn)
 w - a +0 plate armour (worn)
 E - a +1 cloak (worn)
 K - a +0 pair of gloves (worn)
Jewellery
 n - an amulet of faith (around neck)
 H - an uncursed ring of ice
 N - a ring of protection from cold (right hand)
 O - a ring of magical power (left hand)
Wands
 a - a wand of enslavement (11)
 b - a wand of iceblast (10)
 x - a wand of flame (30)
 I - a wand of acid (9)
Scrolls
 e - 2 scrolls of amnesia
 j - 4 scrolls of enchant armour
 l - 4 scrolls of remove curse
 o - 2 scrolls of fog
 r - 7 scrolls of teleportation
 A - 3 scrolls of fear
 F - 2 scrolls of blinking
Potions
 d - 2 potions of might
 h - a potion of resistance
 i - 5 potions of curing
 k - 5 potions of flight
 m - a potion of invisibility
 p - 3 potions of berserk rage
 q - a potion of degeneration {unknown}
 s - 5 potions of agility
 t - 6 potions of lignification
 u - 8 potions of heal wounds
 z - 5 potions of mutation
 C - 2 potions of brilliance
 G - 2 potions of haste
 P - a potion of magic
 Q - a potion of ambrosia
Comestibles
 f - 21 rations


   Skills:
 + Level 13.2(13.0) Fighting
 + Level 12.9(12.7) Long Blades
 + Level 13.2(13.0) Armour
 + Level 13.1(13.0) Shields
 + Level 8.7(8.5) Invocations


You had 12 spell levels left.
You didn't know any spells.
Your spell library contained the following spells:

 Spells                   Type           Power        Failure   Level  Hunger
 Flame Tongue             Conj/Fire      #....        100%        1    ##.....
 Summon Small Mammal      Summ           #...         100%        1    ##.....
 Call Imp                 Summ           #.......     100%        2    ###....
 Throw Flame              Conj/Fire      #.....       100%        2    ###....
 Call Canine Familiar     Summ           #.......     100%        3    ####...
 Conjure Flame            Conj/Fire      #.......     100%        3    ####...
 Inner Flame              Hex/Fire       #.......     100%        3    ####...
 Summon Guardian Golem    Hex/Summ       #.......     100%        3    ####...
 Cause Fear               Hex            #.........   100%        4    #####..
 Sticky Flame             Conj/Fire      #.......     100%        4    #####..
 Summon Ice Beast         Ice/Summ       #.......     100%        4    #####..
 Summon Lightning Spire   Summ/Air       #.......     100%        4    #####..
 Fireball                 Conj/Fire      #.........   100%        5    ######.
 Silence                  Hex/Air        #.........   100%        5    ######.
 Yara's Violent Unravell  Hex/Tmut       #.........   100%        5    ######.
 Deflect Missiles         Chrm/Air       #.........   100%        6    #######
 Discord                  Hex            #.........   100%        8    #######


Dungeon Overview and Level Annotations

Branches:
Dungeon (10/15)            Temple (1/1) D:4            Lair (6/6) D:10
  Swamp (0/4) Lair:3       Spider (0/4) Lair:2
  Slime: Lair:5-6       Orc: D:9-12

Altars:
Cheibriados
Fedhas
Gozag
Hepliaklqana
Makhleb
Nemelex Xobeh
Okawaru
Trog
Uskayaw
Vehumet
Zin
The Shining One

Shops:
D:6 (   D:9 ?

Annotations:
Lair:6 Sonja


Innate Abilities, Weirdness & Mutations

You reflexively headbutt those who attack you in melee.
You have a pair of horns on your head.
[You have an uncontrollable temper.]
[Scrolls take you much longer to read.]
[You are very clumsy. (Dex -4)]
[Armour fits poorly on your strangely shaped body.]
[Your body often deteriorates upon taking damage.]
[You are very dopey. (Int -4)]
[You are extremely frail. (-30% HP)]
[Your magical capacity is very low. (-20% MP)]
[You frequently scream uncontrollably at your foes.]
[You are often teleported next to monsters.]
[You are very weak. (Str -4)]
[Your spells are much easier to cast, but much less powerful.]


Message History

You hit the lich. You burn the lich.
You headbutt the lich, but do no damage.
The lich is moderately damaged.
The lich touches you!
Your body deteriorates!
You feel weakened. You partially resist.
You feel drained.
You slice the lich!! You burn the lich!
The lich is severely damaged.
You block the lich's attack.
Your plate armour prevents you from hitting the lich.
The lich is severely damaged.
The lich touches you but does no damage.
You block the lich's attack.
You slash the lich! You burn the lich.
The lich is almost destroyed.
The lich casts a spell at you. The poison arrow hits you!
You are poisoned.
Ouch! That really hurt!
You die...

###. #.#.#
. # #5#...
# .. #.5...
## #
##.....#♣♣
..#.. #.
xX..5#♣# #.
#. .# ##* #
.. .. #. .
..wX# . .
#..##.##L##
.......
#.#.# ♣♣@#
##.. ..##
♣♣♣ ###.##
.# .


You could see a tentacled starspawn, a lich, a wretched star, a starspawn
tentacle and an iron imp.

Vanquished Creatures
  A very ugly thing (Abyss:1)
  Fannar (D:10)
  3 hydras
  A two-headed ogre (D:9)
  Erica (D:10)
  6 death yaks
  A glowing orange brain (Abyss:1)
  Pikel (D:4)
  A necromancer (IceCv)
  A lindwurm (Lair:3)
  A torpor snail (Lair:5)
  4 ice statues (IceCv)
  4 black mambas
  5 spiny frogs
  A rime drake (Lair:3)
  6 komodo dragons
  6 ice devils
  A merfolk (D:9)
  A polar bear (Lair:6)
  17 blink frogs
  8 hippogriffs
  A raiju (Abyss:1)
  Grinder (D:4)
  A tarantella (Lair:2)
  A basilisk (Lair:5)
  29 yaks
  A wyvern (Lair:2)
  A small abomination (Abyss:1)
  2 hungry ghosts
  Duvessa (D:6)
  9 porcupines
  7 water moccasins
  A black bear (Lair:5)
  2 orc warriors
  2 phantoms (D:10)
  An ice beast (D:8)
  A necrophage (D:6)
  5 wolves (Lair:3)
  5 centaurs
  4 ogres
  10 crocodiles
  2 big kobolds (D:10)
  13 bullfrogs
  Dowan (D:6)
  2 water moccasin zombies
  A scorpion (D:8)
  2 electric eels
  A howler monkey (D:9)
  5 crimson imps
  A quasit (D:8)
  2 centaur zombies
  4 hounds
  2 bullfrog zombies
  5 orc priests
  Crazy Yiuf (D:6)
  2 jellies
  3 orc wizards
  A bullfrog skeleton (D:8)
  4 iguanas
  9 worker ants
  A troll simulacrum (IceCv)
  4 big kobold zombies (Ossuary)
  4 centaur simulacra (IceCv)
  2 mummies (Ossuary)
  A worker ant zombie (D:5)
  2 ogre simulacra (IceCv)
  9 adders
  14 gnolls
  3 naga simulacra (IceCv)
  7 adder zombies
  5 worms
  3 dart slugs (D:1)
  3 leopard geckos
  22 orcs
  3 ball pythons
  7 giant cockroaches
  A gnoll zombie (Ossuary)
  7 goblins
  6 hobgoblins
  9 jackals
  21 kobolds
  A quokka (D:6)
  4 bats
  A frilled lizard (D:1)
  2 hobgoblin zombies (Ossuary)
  9 kobold zombies
  4 orc zombies (Ossuary)
  A quokka skeleton (D:7)
  8 rats
381 creatures vanquished.

Vanquished Creatures (collateral kills)
  A large abomination (Abyss:1)
1 creature vanquished.

Vanquished Creatures (others)
  A chaos spawn (Abyss:1)
  2 slaves (D:4)
  A worker ant (D:4)
  Robin (D:4)
  An ufetubus (Abyss:1)
  A worm (D:4)
  2 orcs (D:4)
  6 goblins (D:4)
  6 hobgoblins (D:4)
  A fungus (Lair:6)
  4 plants
  2 starspawn tentacles (Abyss:1)
28 creatures vanquished.

Grand Total: 410 creatures vanquished

Notes
Turn   | Place    | Note
-------+----------+-------------------------------------------
     0 | D:1      | lysyklops the Minotaur Fighter began the quest for the Orb.
     0 | D:1      | Reached XP level 1. HP: 19/19 MP: 0/0
   157 | D:1      | Reached XP level 2. HP: 26/27 MP: 1/1
   480 | D:1      | Reached XP level 3. HP: 33/33 MP: 2/2
  1117 | D:2      | Found a sparkling altar of Nemelex Xobeh.
  1629 | D:3      | Reached XP level 4. HP: 21/41 MP: 3/3
  1815 | D:3      | Found a hide-covered altar of Uskayaw.
  1815 | D:3      | Found an iron altar of Okawaru.
  2285 | D:4      | Noticed Pikel
  2293 | D:4      | Noticed a slave
  2293 | D:4      | Noticed a slave
  2295 | D:4      | Noticed a slave
  2296 | D:4      | Noticed a slave
  2298 | D:4      | Reached XP level 5. HP: 34/47 MP: 4/4
  2317 | D:4      | Killed Pikel
  2317 | D:4      | Reached skill level 5 in Fighting
  2317 | D:4      | Reached skill level 5 in Long Blades
  2317 | D:4      | Reached skill level 5 in Armour
  2317 | D:4      | Reached skill level 5 in Shields
  2317 | D:4      | Reached XP level 6. HP: 11/57 MP: 5/5
  2317 | D:4      | Reached XP level 7. HP: 12/62 MP: 6/6
  2430 | D:4      | Killed Robin
  2598 | D:4      | Found a staircase to the Ecumenical Temple.
  2617 | Temple   | Entered the Ecumenical Temple
  2627 | Temple   | Became a worshipper of the Shining One
  2853 | D:4      | Noticed Grinder
  2853 | D:4      | Paralysed by Grinder for 5 turns
  2884 | D:4      | Killed Grinder
  3380 | D:5      | Entered Level 5 of the Dungeon
  3439 | D:5      | Reached XP level 8. HP: 59/71 MP: 7/7
  3622 | D:5      | Found a hazy altar of Hepliaklqana.
  3952 | D:6      | Got an ichor-stained short sword
  3969 | D:6      | Noticed Dowan
  3973 | D:6      | Noticed Duvessa
  4010 | D:6      | Killed Duvessa
  4021 | D:6      | Killed Dowan
  4025 | D:6      | Reached * piety under the Shining One
  4132 | D:6      | Found a runed door.
  4195 | D:6      | Found a sand-covered staircase.
  4203 | Ossuary  | Entered an ossuary
  4238 | Ossuary  | Reached ** piety under the Shining One
  4303 | Ossuary  | Reached *** piety under the Shining One
  4327 | Ossuary  | Reached XP level 9. HP: 76/81 MP: 8/8
  4429 | D:6      | Found a snail-covered altar of Cheibriados.
  4549 | D:6      | Found Laly's Antique Weapon Boutique.
  4552 | D:6      | Bought a runed long sword for 123 gold pieces
  4763 | D:6      | Noticed Crazy Yiuf
  4771 | D:6      | Killed Crazy Yiuf
  4878 | D:6      | Identified the cursed +1 short sword of Arrival {freeze,
                  | MR+} (You found it on level 6 of the Dungeon)
  5078 | D:7      | Found a blossoming altar of Fedhas.
  5836 | D:8      | Reached skill level 1 in Invocations
  6140 | D:9      | Noticed a two-headed ogre
  6479 | D:9      | Reached XP level 10. HP: 90/91 MP: 10/10
  6489 | D:9      | Found Bela's Magic Scroll Shop.
  6496 | D:9      | Bought a scroll of blinking for 90 gold pieces
  6496 | D:9      | Bought a scroll of teleportation for 36 gold pieces
  6650 | D:9      | Killed a two-headed ogre
  7116 | D:10     | Entered Level 10 of the Dungeon
  7121 | D:10     | Noticed a death yak
  7121 | D:10     | Noticed a death yak
  7141 | D:10     | Killed a death yak
  7141 | D:10     | Reached skill level 10 in Fighting
  7141 | D:10     | Reached skill level 10 in Armour
  7141 | D:10     | Reached skill level 10 in Shields
  7230 | D:10     | Noticed a death yak
  7232 | D:10     | Noticed a death yak
  7240 | D:10     | Noticed a death yak
  7242 | D:10     | Noticed a death yak
  7253 | D:10     | Killed a death yak
  7497 | D:10     | Killed a death yak
  7497 | D:10     | Reached skill level 10 in Long Blades
  7500 | D:10     | Reached XP level 11. HP: 57/101 MP: 13/13
  7560 | D:9      | Killed a death yak
  7785 | D:9      | Killed a death yak
  7858 | D:10     | Reached **** piety under the Shining One
  7863 | D:10     | Noticed Fannar
  7878 | D:10     | Killed Fannar
  7878 | D:10     | Reached skill level 5 in Invocations
  7923 | D:10     | Found a staircase to the Lair.
  7994 | D:10     | Killed a death yak
  8090 | D:10     | Found a glowing silver altar of Zin.
  8329 | Lair:1   | Entered Level 1 of the Lair of Beasts
  8745 | Lair:1   | Noticed Erica
  8937 | D:10     | Killed Erica
 10190 | Lair:2   | Found a hole to the Spider Nest.
 10214 | Lair:2   | Noticed a seven-headed hydra
 10235 | Lair:2   | Killed a two-headed hydra
 10474 | Lair:2   | Reached XP level 12. HP: 85/110 MP: 15/15
 11029 | Lair:3   | Found a staircase to the Swamp.
 11187 | Lair:3   | Noticed a four-headed hydra
 11197 | Lair:3   | Killed a one-headed hydra
 11335 | Lair:3   | Found a frozen archway.
 11351 | IceCv    | Entered an ice cave
 11543 | IceCv    | Reached ***** piety under the Shining One
 11791 | IceCv    | Got a shimmering scale mail
 11793 | IceCv    | Got a twisted leather armour
 11797 | IceCv    | Got a faintly glowing hunting sling
 11895 | Lair:3   | Identified the +0 scale mail of Ogujont {Int+4} (You found
                  | it in an ice cave)
 11905 | Lair:3   | Identified the +1 leather armour of Hedge Wizardry {rC+ rN+
                  | Int+7} (You found it in an ice cave)
 11920 | Lair:3   | Identified the cursed +0 hunting sling of Compound Interest
                  | {velocity, rC+ Str-2 SInv} (You found it in an ice cave)
 13220 | Lair:5   | Noticed Sonja
 13510 | Lair:5   | Reached XP level 13. HP: 119/119 MP: 17/17
 14094 | Lair:6   | Entered Level 6 of the Lair of Beasts
 14094 | Lair:6   | Noticed a dire elephant
 15510 | Lair:6   | Cast into level 1 of the Abyss (Sonja)
 15573 | Abyss:1  | Noticed a brown very ugly thing
 15600 | Abyss:1  | Killed a brown very ugly thing
 15666 | Abyss:1  | Noticed a lich
 15688 | Abyss:1  | Found a hide-covered altar of Uskayaw.
 15699 | Abyss:1  | Noticed a tentacled starspawn
 15726 | Abyss:1  | Killed from afar by a lich

Skill      XL: |  1  2  3  4  5  6  7  8  9 10 11 12 13 |
---------------+----------------------------------------+-----
Armour         | 4 5 6 7 9 10 11 12 13 | 13.2
Fighting       | 4 5 6 7 9 10 11 12 13 | 13.2
Shields        | 4 5 6 7 9 10 11 12 13 | 13.1
Long Blades    | 3 5 6 7 8 10 11 12 | 12.9
Invocations    | 1 4 6 7 8 |  8.7

Action                   |  1- 3 |  4- 6 |  7- 9 | 10-12 | 13-15 || total
-------------------------+-------+-------+-------+-------+-------++-------
Melee: Long sword        |   119 |    58 |   365 |   199 |       ||   741
       Headbutt          |    15 |    13 |    77 |   123 |    37 ||   265
       Scimitar          |       |       |       |   299 |   175 ||   474
Invok: Divine Shield     |       |       |       |     3 |     1 ||     4
       Cleansing Flame   |       |       |       |     1 |       ||     1
       Summon Divine War |       |       |       |       |     1 ||     1
  Use: Scroll            |       |       |     6 |    18 |     6 ||    30
       Potion            |       |       |       |     3 |     1 ||     4
  Eat: Chunk             |     2 |     1 |    18 |    13 |     4 ||    38
       Ration            |       |       |       |     3 |     1 ||     4
Armor: Scale mail        |    52 |    20 |     8 |       |       ||    80
       Plate armour      |       |       |   158 |   176 |   140 ||   474
Dodge: Dodged            |    24 |    16 |    81 |    80 |    68 ||   269
Block: Shield            |    58 |    22 |   171 |   229 |   155 ||   635
       Rpst.: Long sword |     6 |     4 |    25 |     3 |       ||    38
       Scimitar          |       |       |       |    15 |    14 ||    29
